AoeStats
← christar123 ten

Lombardia

509604771Analyzed
4v4 RM · 6d ago on Sep 27, 2026· 61m 11s· 8 players
Game mode
Random Map
Map size
Large (8 player)
Population
200
Speed
Normal
Resources
Standard
Victory
Conquest
Starting age
Dark Age
Ending age
Imperial Age
RankedLock teamsTeams togetherTeam positionsShared explorationLock speedFull tech treeHidden civsTurbo modeCheats
Victory
Defeat
🇨🇿 Malay · Czechia
1442
+12
🇨🇳 Persians · China
1352
+16
🇭🇰 Bulgarians · Hong Kong SAR China
1344
+16
🇳🇱 Huns · Netherlands
1281
+19
🇬🇧 Berbers · United Kingdom
1439
-19
🇫🇷 Magyars · France
1324
-15
🇦🇷 Teutons · Argentina
1322
-15
🇬🇧 Slavs · United Kingdom
1296
-14
Archer_4794
10:24 Feudal Age
12:32 Double-Bit Axe
13:44 Loom
14:17 Bloodlines
14:06 Horse Collar
20:02 Castle Age
21:28 Loom
22:10 Bow Saw
22:47 Wheelbarrow
22:29 Heavy Plow
25:21 Gold Mining
27:19 Hand Cart
31:32 Imperial Age
30:25 Ballistics
31:56 Gold Shaft Mining
31:16 Town Watch
31:51 Heavy Scorpion
32:33 Stone Mining
33:56 Chemistry
32:37 Capped Ram
32:43 Onager
35:06 Siege Engineers
35:40 Fletching
35:51 Padded Archer Armor
35:51 Scale Mail Armor
36:02 Forging
35:58 Scale Barding Armor
36:01 Town Patrol
36:09 Caravan
35:34 Siege Ram
35:58 Siege Onager
38:05 Stone Shaft Mining
38:29 Bodkin Arrow
38:50 Leather Archer Armor
38:50 Chain Mail Armor
39:12 Iron Casting
43:14 Elite Konnik
44:42 Light Cavalry
45:22 Husbandry
45:44 Conscription
45:20 Stirrups
47:49 Hussar
49:48 Bracer
50:08 Chain Barding Armor
50:18 Plate Mail Armor
50:49 Blast Furnace
55:08 Plate Barding Armor
Rakosnik
12:20 Feudal Age
11:38 Loom
13:42 Double-Bit Axe
14:21 Horse Collar
16:12 Loom
19:47 Castle Age
18:08 Stone Mining
18:09 Gold Mining
19:56 Bow Saw
24:16 Heavy Plow
24:53 Wheelbarrow
24:04 Town Watch
29:31 Imperial Age
28:11 Gold Shaft Mining
28:14 Scale Barding Armor
28:19 Forging
29:04 Forging
29:39 Conscription
30:16 Iron Casting
30:08 Husbandry
30:46 Elite Battle Elephant
34:21 Blast Furnace
34:46 Hand Cart
36:56 Town Patrol
39:27 Heavy Scorpion
42:01 Crop Rotation
43:23 Ballistics
43:10 Siege Engineers
45:26 Chemistry
51:08 Caravan
58:26 Onager
RogerV
10:15 Feudal Age
15:12 Castle Age
13:06 Double-Bit Axe
14:00 Horse Collar
16:56 Bow Saw
18:15 Loom
21:12 Heavy Plow
22:04 Stone Mining
29:00 Imperial Age
26:41 Scale Barding Armor
26:46 Forging
26:32 Gold Mining
26:33 Stone Mining
27:06 Bloodlines
26:22 Light Cavalry
27:50 Gold Shaft Mining
29:20 Wheelbarrow
30:49 Hand Cart
30:57 Chain Barding Armor
31:12 Iron Casting
31:48 Two-Man Saw
31:01 Husbandry
31:46 Plate Barding Armor
32:56 Marauders
33:18 Conscription
32:20 Elite Tarkan
34:03 Blast Furnace
34:59 Caravan
35:27 Fletching
35:39 Padded Archer Armor
41:42 Thumb Ring
42:02 Parthian Tactics
42:55 Chemistry
42:21 Ballistics
42:05 Bodkin Arrow
42:26 Leather Archer Armor
42:30 Bracer
42:46 Leather Archer Armor
45:07 Heavy Cavalry Archer
45:20 Heavy Cavalry Archer
53:57 Guilds
58:32 Atheism
630406632
9:20 Loom
11:28 Feudal Age
15:44 Castle Age
14:07 Double-Bit Axe
14:25 Horse Collar
16:31 Bow Saw
19:04 Wheelbarrow
22:58 Heavy Plow
22:55 Gold Mining
23:27 Stone Mining
28:35 Hand Cart
28:58 Gold Shaft Mining
31:45 Imperial Age
31:52 Imperial Age
29:36 Scale Barding Armor
30:16 Town Watch
30:53 Chain Barding Armor
30:44 Forging
31:24 Bloodlines
31:14 Husbandry
32:37 Iron Casting
33:21 Two-Man Saw
32:54 Crop Rotation
32:48 Conscription
32:00 Elite War Elephant
32:50 Caravan
33:48 Plate Barding Armor
34:15 Blast Furnace
33:48 Fletching
37:03 Kamandaran
37:00 Bodkin Arrow
39:55 Ballistics
40:31 Light Cavalry
46:18 Crossbowman
47:03 Thumb Ring
49:32 Citadels
51:21 Padded Archer Armor
54:12 Leather Archer Armor
55:02 Hussar
christar123 ten
10:29 Feudal Age
11:51 Double-Bit Axe
14:33 Castle Age
12:59 Horse Collar
15:11 Loom
16:19 Bow Saw
22:25 Wheelbarrow
22:04 Stone Mining
22:18 Heavy Plow
24:11 Hand Cart
30:54 Imperial Age
28:37 Fortified Wall
29:44 Kasbah
29:40 Fletching
30:15 Ballistics
30:06 Masonry
30:49 Bodkin Arrow
30:55 Padded Archer Armor
31:21 Elite Camel Archer
32:16 Bracer
33:22 Chemistry
32:25 Caravan
32:39 Town Watch
33:12 Maghrebi Camels
33:34 Leather Archer Armor
35:07 Ring Archer Armor
38:02 Bloodlines
37:53 Husbandry
38:01 Thumb Ring
38:21 Conscription
42:57 Hoardings
43:17 Murder Holes
46:29 Town Patrol
48:07 Guilds
48:30 Coinage
48:49 Heavy Camel Rider
49:20 Heavy Camel Rider
51:22 Scale Barding Armor
51:28 Forging
53:00 Chain Barding Armor
56:44 Iron Casting
57:50 Light Cavalry
The REAL Pepsiman
11:33 Feudal Age
17:24 Castle Age
15:33 Double-Bit Axe
17:56 Wheelbarrow
19:19 Loom
24:43 Gold Mining
24:46 Stone Mining
25:13 Horse Collar
25:45 Town Watch
27:23 Hand Cart
28:07 Bow Saw
28:35 Gold Shaft Mining
29:10 Padded Archer Armor
29:00 Fletching
29:47 Town Patrol
30:00 Thumb Ring
31:18 Ballistics
31:11 Bloodlines
33:55 Imperial Age
32:42 Bodkin Arrow
33:02 Leather Archer Armor
32:48 Scale Mail Armor
32:56 Scale Barding Armor
33:20 Heavy Plow
33:10 Treadmill Crane
33:41 Masonry
34:25 Caravan
34:02 Heavy Cavalry Archer
35:08 Parthian Tactics
34:45 Recurve Bow
35:06 Conscription
34:59 Bracer
35:29 Ring Archer Armor
36:56 Chemistry
37:47 Scale Barding Armor
39:16 Husbandry
39:08 Cavalier
40:12 Chain Barding Armor
41:54 Paladin
44:06 Plate Barding Armor
45:18 Two-Man Saw
54:42 Onager
seba_aof
12:59 Feudal Age
17:07 Castle Age
15:59 Horse Collar
16:19 Double-Bit Axe
20:52 Loom
23:11 Wheelbarrow
22:24 Town Watch
24:26 Heavy Plow
25:31 Bow Saw
30:14 Imperial Age
28:00 Gold Mining
27:55 Pikeman
29:28 Scale Mail Armor
30:24 Chain Mail Armor
31:14 Hand Cart
31:30 Squires
32:41 Conscription
32:53 Plate Mail Armor
33:46 Forging
33:45 Arson
35:08 Iron Casting
36:49 Blast Furnace
36:11 Halberdier
38:25 Fletching
38:07 Elite Teutonic Knight
39:31 Bodkin Arrow
40:46 Masonry
41:32 Hoardings
41:59 Chemistry
41:01 Padded Archer Armor
42:34 Coinage
45:01 Banking
44:42 Guilds
45:07 Ballistics
45:05 Leather Archer Armor
46:32 Crenellations
52:36 Ring Archer Armor
52:12 Scale Barding Armor
54:01 Siege Engineers
53:47 Onager
TwoCaribou78588
4:53 Loom
9:59 Feudal Age
15:20 Castle Age
14:07 Double-Bit Axe
16:06 Horse Collar
17:48 Bow Saw
19:17 Heavy Plow
19:51 Forging
20:30 Wheelbarrow
20:06 Scale Barding Armor
22:06 Bloodlines
23:23 Husbandry
24:04 Iron Casting
24:19 Hand Cart
25:15 Chain Barding Armor
25:46 Town Watch
31:16 Imperial Age
30:47 Fletching
33:19 Blast Furnace
32:55 Plate Barding Armor
32:16 Bodkin Arrow
32:43 Ballistics
33:48 Two-Man Saw
33:22 Crop Rotation
34:30 Conscription
33:32 Elite Boyar
34:23 Town Patrol
34:17 Gold Mining
34:17 Stone Mining
39:59 Conscription
47:10 Cavalier
56:39 Light Cavalry
Connection lost

Rejoining the realm…

Still unreachable

The connection could not be restored.

Session expired

The server has moved on; the page needs a fresh start.